 Dungeon Sprint DCSS version 0.29-a0-821-g66395355a5 (webtiles) character file.

Game seed: 14679721692399007397

14194 shadowstone the Severer (level 11, -12/117 HPs)
             Began as a Minotaur Abyssal Knight on June 23, 2022.
             Was the Champion of Lugonu.
             Mangled by a red devil
             ... wielding the +9 scythe of Risk Management {antimagic, Drain rPois rCorr Int-3}
              (16 damage)
             ... in the Dungeon (Sprint V: "Ziggurat Sprint") on July 7, 2022.
             The game lasted 00:15:52 (2669 turns).

shadowstone the Severer (Minotaur Abyssal Knight)   Turns: 2669, Time: 00:15:53

Health: -12/117    AC: 22    Str: 23    XL:     11   Next: 85%
Magic:  0/14       EV:  3    Int:  7    God:    Lugonu [******]
Gold:   0          SH: 32    Dex: 16    Spells: 10/10 levels left

rFire   + + .      SeeInvis +   B - +14 obsidian axe {vorpal, Mesm Drain Fly SInv}
rCold   . . .      Faith    .   D - +18 shield of the Gong {rElec rN+ Will+ EV-5}
rNeg    + . .      Spirit   +   C - +15 Maxwell's patent armour {-Cast -Tele rElec Will+ rCorr}
rPois   .          Reflect  .   (helmet restricted)
rElec   +          Harm     .   (no cloak)
rCorr   +          Rampage  .   (no gloves)
Will    +++..      NoTele   +   (no boots)
Stlth   .......... NoCast   +   E - amulet of guardian spirit
HPRegen 0.29/turn               G - ring "Nuvaas" {rElec rF+ Will+ Dex+6}
MPRegen 0.14/turn               F - ring of Ziuskisk {rF+ Str+2}

@: lethally poisoned (-12 -> -48), spiked, corroded, flying, mesmerised,
wreathed by umbra, unable to read
A: horns 2, retaliatory headbutt, clumsy 1, deformed body, inability to read
while threatened 1, devolution 1
a: Renounce Religion, Bend Space, Banish, Corrupt, Brand Weapon With Distortion


You were in the Dungeon.
You worshipped Lugonu.
Lugonu was exalted by your worship.
You visited 1 branch

Inventory:

Hand Weapons
 B - the +14 obsidian axe (weapon) {vorpal, Mesm Drain Fly SInv}
   (You found it in the Dungeon)

   It inflicts extra damage upon your enemies.
   It occasionally summons demons to assist the wielder when it strikes in
   combat.
   Its wielder is mesmerised by any visible foes.
   It cannot be unequipped while any foes are visible.
   SInv:      It lets you see invisible.
   Fly:       It grants you flight.
   Drain:     It drains your maximum health when unequipped.
 Q - the +9 falchion "Ecicyhil" {venom, *Rage rElec rN+++ Stlth+}
   (You found it in the Dungeon)

   It poisons the flesh of those it strikes.
   rElec:     It insulates you from electricity.
   rN:        It renders you almost immune to negative energy.
   *Rage:     It berserks you when you make melee attacks (+20% chance).
   Stlth:     It makes you more stealthy.
 U - the +10 dagger "Icyrid" {holy, Fragile rF++ Str+2 Int+3}
   (You found it in the Dungeon)

   It has been blessed by the Shining One to cause great damage to the undead
   and demons.
   Str:       It affects your strength (+2).
   Int:       It affects your intelligence (+3).
   rF:        It greatly protects you from fire.
   Fragile:   It will be destroyed if unequipped.
Armour
 a - +5 shadow dragon scales
 b - a +0 leather armour
 C - the +15 Maxwell's patent armour (worn) {-Cast -Tele rElec Will+ rCorr}
   (You found it in the Dungeon)

   rElec:     It insulates you from electricity.
   -Cast:     It prevents spellcasting.
   -Tele:     It prevents most forms of teleportation.
   rCorr:     It protects you from acid and corrosion.
   Will:      It increases your willpower.
 D - the +18 shield of the Gong (worn) {rElec rN+ Will+ EV-5}
   (You found it in the Dungeon)

   It is deafeningly noisy when blocking attacks.
   EV:        It affects your evasion (-5).
   rElec:     It insulates you from electricity.
   rN:        It protects you from negative energy.
   Will:      It increases your willpower.
 N - the +1 robe "Qud Unn" {Str+3 Dex+4}
   (You found it in the Dungeon)

   Str:       It affects your strength (+3).
   Dex:       It affects your dexterity (+4).
 O - the +5 ring mail of Uskayaw's Condemnation {SInv}
   (You found it in the Dungeon)

   SInv:      It lets you see invisible.
 P - +1 acid dragon scales
Jewellery
 i - a ring of flight
 j - a +6 ring of dexterity
 k - a +6 ring of dexterity
 l - a +6 ring of intelligence
 m - a +6 ring of intelligence
 n - a +6 ring of strength
 o - a +6 ring of strength
 E - an amulet of guardian spirit (around neck)
 F - the ring of Ziuskisk (right hand) {rF+ Str+2}
   (You found it in the Dungeon)

   [ring of protection from fire]

   Str:       It affects your strength (+2).
   rF:        It protects you from fire.
 G - the ring "Nuvaas" (left hand) {rElec rF+ Will+ Dex+6}
   (You found it in the Dungeon)

   [ring of protection from fire]

   Dex:       It affects your dexterity (+6).
   rF:        It protects you from fire.
   rElec:     It insulates you from electricity.
   Will:      It increases your willpower.
 H - a ring of positive energy
 I - the ring of Fufiorph {*Corrode rElec rPois rC+ rN+}
   (You found it in the Dungeon)

   [ring of positive energy]

   rC:        It protects you from cold.
   rElec:     It insulates you from electricity.
   rPois:     It protects you from poison.
   rN:        It protects you from negative energy.
   *Corrode:  It may corrode you when you take damage.
 J - a ring of fire
 R - the ring "Womul" {Wiz Will+}
   (You found it in the Dungeon)

   [ring of wizardry]

   It improves your spell success rate.
   Will:      It increases your willpower.
 S - a ring of protection from fire
 T - the ring "Wuxuo" {Will+ Int+4}
   (You found it in the Dungeon)

   [ring of willpower]

   Int:       It affects your intelligence (+4).
   Will:      It increases your willpower.
 V - a +6 ring of dexterity
Wands
 p - a wand of mindburst (7)
 q - a wand of iceblast (7)
 r - a wand of quicksilver (7)
Scrolls
 h - 4 scrolls of blinking
 x - 4 scrolls of amnesia
 y - 7 scrolls of fog
 z - 5 scrolls of identify
 A - 2 scrolls of fear
 L - a scroll of brand weapon
Potions
 c - 10 potions of curing
 d - 6 potions of heal wounds
 e - 10 potions of haste
 f - 7 potions of magic
 g - 3 potions of berserk rage
 s - 2 potions of brilliance
 t - 2 potions of invisibility
 u - 4 potions of resistance
 v - a potion of experience
 w - 5 potions of might
Miscellaneous
 K - a box of beasts
 M - a phantom mirror


   Skills:
 + Level 17.5 Fighting
 + Level 7.1 Long Blades
 + Level 20.9 Axes
 + Level 13.4 Armour
 + Level 2.7 Dodging
 + Level 3.9 Stealth
 + Level 16.2 Shields
 + Level 5.3 Invocations


You had 10 spell levels left.
You didn't know any spells.
Your spell library contained the following spells:

 Spells                   Type           Power      Damage    Failure   Level
 Sandblast                Erth           0%         2d4       100%        1
 Poisonous Vapours        Pois/Air       0%         N/A       100%        2
 Stone Arrow              Conj/Erth      0%         3d7       100%        3
 Animate Armour           Summ/Erth      0%         N/A       100%        4
 Animate Dead             Necr           0%         N/A       100%        4
 Passage of Golubria      Tloc           0%         N/A       100%        4
 Petrify                  Tmut/Erth      0%         N/A       100%        4
 Summon Lightning Spire   Summ/Air       0%         N/A       100%        4
 Iskenderun's Battlesphe  Conj           0%         2d6       100%        5
 Metabolic Englaciation   Hex/Ice        0%         N/A       100%        5
 Silence                  Hex/Air        0%         N/A       100%        5
 Iron Shot                Conj/Erth      0%         9d1       100%        6
 Statue Form              Tmut/Erth      0%         N/A       100%        6
 Haunt                    Necr/Summ      0%         N/A       100%        7
 Malign Gateway           Summ/Tloc      0%         N/A       100%        7
 Spellforged Servitor     Conj/Summ      0%         N/A       100%        7
 Storm Form               Tmut/Air       0%         N/A       100%        7
 Infestation              Necr           0%         N/A       100%        8
 Lehudib's Crystal Spear  Conj/Erth      0%         10d2      100%        8
 Maxwell's Capacitive Co  Air            0%         ∞         100%        8
 Summon Horrible Things   Summ           0%         N/A       100%        8


Dungeon Overview and Level Annotations

Branches:
Dungeon (1/1)

Altars:
Ashenzari
Cheibriados
Dithmenos
Elyvilon
Fedhas
Gozag
Hepliaklqana
Kikubaaqudgha
Makhleb
Nemelex Xobeh
Okawaru
Qazlal
Ru
Sif Muna
Trog
Uskayaw
Vehumet
Wu Jian
Xom
Yredelemnul
Zin
The Shining One
Jiyva
Lugonu


Innate Abilities, Weirdness & Mutations

You have a pair of horns on your head.
You reflexively headbutt those who attack you in melee.
You are clumsy. (Dex -2)
Armour fits poorly on your strangely shaped body.
You occasionally lose the ability to read scrolls when taking damage.
You have hidden genetic defects.


Message History

BONNNG!
The demonspawn black sun hits you from afar with a +1 demon trident of venom.
You are more poisoned.
The red devil hits you from afar with the +9 scythe of Risk Management {antimagic, Drain rPois rCorr Int-3}!!
You feel threatened and lose the ability to read scrolls!
* * * LOW HITPOINT WARNING * * *
Barbed spikes become lodged in your body.
You feel your power leaking away. You block the soul eater's attack.
BOUMMMMG!
The hellwing hits you but does no damage. x2
The ice devil hits you but does no damage.
Vaatrel hits you.
* * * LOW HITPOINT WARNING * * *
You slash the profane servitor!
The profane servitor is moderately damaged.
You completely miss Vaatrel. You miss the hellwing.
You hit the lorocyproca but do no damage.
You slash the soul eater! You hit the ice devil. You slash the blizzard demon!
* * * LOW HITPOINT WARNING * * *
You feel very sick.
You block the profane servitor's attack.
PANG!
You block the profane servitor's attack.
GONNNNG!
You block the hellwing's attack.
GONNNNG!
The hellwing hits you but does no damage.
The demonspawn black sun hits you from afar with a +1 demon trident of venom.
* * * LOW HITPOINT WARNING * * *
You are more poisoned.
You block the soul eater's attack.
PTOANNNG!
The ice devil completely misses you. You furiously retaliate!
You headbutt the ice devil! You block the blizzard demon's attack.
GONNNNG!
The blizzard demon hits you.
* * * LOW HITPOINT WARNING * * *
The red devil hits you from afar with the +9 scythe of Risk Management {antimagic, Drain rPois rCorr Int-3}!
You die...

▓....©....▓
▓..|)))}))..▓▓▓▓▓▓▓▓▓▓▓
▓...[:}?}...▓...8©8...▓
▓...........▓.....)...▓
▓...........▓...|)....▓
▓.....3.....▓.........▓
▓....64.4...▓.........▓
▓....3A&1...▓...†††...▓
▓..▓.4@4.▓..▓...†.....▓
▓....2.2....▓.▓.....▓.▓
▓.....©.....▓....©....▓
▓▓▓▓▓▓▓▓▓▓▓▓▓▓▓▓▓▓▓▓▓▓▓
▓...8©8...▓...8©8...▓..
▓..=.)}[..▓...)[[[..▓..
▓.....)...▓..)})[[..▓..
▓.........▓.........▓..
▓.........▓.........▓..


You could see Vaatrel, a profane servitor (mesmerising), a Tzitzimitl, a
demonspawn black sun, a lorocyproca (summoned, invisible), a blizzard demon, a
soul eater, an orange demon, a hellwing, an ice devil, a neqoxec and a red
devil.

Vanquished Creatures
  An ironbound preserver (D)
  A hydra (D)
  2 vault guards (D)
  An ironbound convoker (D)
  A shining eye (D)
  2 wolf spiders (D)
  An ugly thing (D)
  A black mamba (D)
  A rust devil (D)
  A vault sentinel (D)
  An eye of devastation (D)
  4 rime drakes (D)
  A komodo dragon (D)
  A tarantella (D)
  A blink frog (D)
  2 slime creatures (D)
  A jumping spider (D)
  A wyvern (D)
  A basilisk (shapeshifter) (D)
  A yak (D)
  A hog (shapeshifter) (D)
  3 steam dragons (D)
  A redback (D)
  An acid dragon (D)
  A water moccasin (shapeshifter) (D)
  2 swamp drakes (D)
  2 wolves (D)
  2 centaurs (D)
  2 phantoms (D)
  A bullfrog (shapeshifter) (D)
  A necrophage (D)
  2 bullfrogs (D)
  5 scorpions (D)
  4 wights (D)
  A jelly (D)
  2 river rats (D)
  2 adder zombies (D)
  A bat skeleton (D)
  2 endoplasms (D)
  A jackal (D)
  A quokka skeleton (D)
64 creatures vanquished.

Vanquished Creatures (collateral kills)
  A yaktaur captain (D)
  A hydra (D)
  A shining eye (D)
  A cane toad (D)
  A rime drake (D)
  2 yaktaurs (D)
  2 slime creatures (D)
  A dream sheep (D)
  A yak (D)
11 creatures vanquished.

Grand Total: 75 creatures vanquished

Notes
Turn   | Place    | Note
-------+----------+-------------------------------------------
     0 | D        | shadowstone the Minotaur Abyssal Knight began the quest for
                  | the Orb.
     0 | D        | Reached XP level 1. HP: 19/19 MP: 1/1
     0 | D        | Found a blossoming altar of Fedhas.
     0 | D        | Found the +6 Majin-Bo {vamp, MP+6 Int+6}
     0 | D        | Found the +9 heavy crossbow "Sniper" {vorpal, Acc+∞ SInv}
     0 | D        | Found the +10 dark maul {vorpal}
     0 | D        | Found the +15 Maxwell's patent armour {-Cast -Tele rElec
                  | Will+ rCorr}
     0 | D        | Found the +18 shield of the Gong {rElec rN+ Will+ EV-5}
     0 | D        | Found the +14 obsidian axe {vorpal, Mesm Drain Fly SInv}
     0 | D        | Found the +7 great mace "Firestarter" {inner flame, rF++}
     0 | D        | Found the +6 shillelagh "Devastator" {shatter}
     0 | D        | Found the +11 plutonium sword {Contam Stlth-}
     0 | D        | Found the +8 lance "Wyrmbane" {slay drac, rPois rF+ rC+
                  | AC+3}
     0 | D        | Found the +9 sword of Zonguldrok {reap}
     0 | D        | Found the +13 scythe of Curses {drain, Drain}
     0 | D        | Found the +5 sword of Power {vorpal}
     0 | D        | Found the +7 mace of Variability {chain chaos}
     0 | D        | Found the +7 Singing Sword {vorpal, sonic wave}
     0 | D        | Found the +8 storm bow {elec, penet}
     1 | D        | Found a transporter.
     1 | D        | Found a viscous altar of Jiyva.
     1 | D        | Found an ancient bone altar of Kikubaaqudgha.
     1 | D        | Found a hazy altar of Hepliaklqana.
     1 | D        | Found a corrupted altar of Lugonu.
     1 | D        | Found an opulent altar of Gozag.
     1 | D        | Found a burning altar of Makhleb.
     5 | D        | Found a stormy altar of Qazlal.
     5 | D        | Found an iron altar of Okawaru.
     5 | D        | Found a sacrificial altar of Ru.
     5 | D        | Found a sparkling altar of Nemelex Xobeh.
     5 | D        | Found a shimmering blue altar of Sif Muna.
     5 | D        | Found a bloodstained altar of Trog.
    14 | D        | Banished a spatial maelstrom
   146 | D        | Entered arena 2.
   146 | D        | Noticed a phantom
   146 | D        | Found a transporter.
   150 | D        | Killed a phantom
   151 | D        | Reached skill level 2 in Axes
   151 | D        | Reached XP level 2. HP: 35/35 MP: 1/3
   151 | D        | Reached XP level 3. HP: 40/40 MP: 1/4
   151 | D        | Reached XP level 4. HP: 48/48 MP: 1/5
   397 | D        | Entered arena 3.
   397 | D        | Found a transporter.
   399 | D        | Reached *** piety under Lugonu
   427 | D        | Got the ring of Ziuskisk {rF+ Str+2}
   446 | D        | Entered arena 4.
   446 | D        | Noticed a jumping spider
   446 | D        | Noticed a tarantella
   446 | D        | Noticed a scorpion
   446 | D        | Noticed a scorpion
   446 | D        | Found a transporter.
   451 | D        | Killed a scorpion
   451 | D        | Killed a scorpion
   451 | D        | Reached **** piety under Lugonu
   452 | D        | Reached skill level 10 in Fighting
   452 | D        | Reached skill level 5 in Long Blades
   452 | D        | Reached skill level 5 in Axes
   452 | D        | Reached skill level 5 in Armour
   452 | D        | Reached XP level 5. HP: 50/59 MP: 5/7
   453 | D        | Killed a jumping spider
   454 | D        | Reached skill level 7 in Axes
   454 | D        | Reached XP level 6. HP: 55/68 MP: 4/8
   455 | D        | Killed a tarantella
   456 | D        | Reached skill level 8 in Axes
   456 | D        | Reached skill level 5 in Invocations
   456 | D        | Reached XP level 7. HP: 62/75 MP: 4/9
   817 | D        | Got the ring "Nuvaas" {rElec rF+ Will+ Dex+6}
   826 | D        | Entered arena 5.
   826 | D        | Noticed a yaktaur
   826 | D        | Noticed a yaktaur
   826 | D        | Found a transporter.
   831 | D        | Reached skill level 5 in Shields
   832 | D        | Reached skill level 9 in Axes
   833 | D        | Killed a yaktaur
   833 | D        | Reached ***** piety under Lugonu
   833 | D        | Killed a yaktaur
   834 | D        | Reached skill level 11 in Axes
   834 | D        | Reached XP level 8. HP: 83/85 MP: 8/11
   967 | D        | Upgraded the game from 0.29-a0-668-g12ee2bf84d to
                  | 0.29-a0-821-g66395355a5
   982 | D        | Got the +2 spear "Mibb" {venom, Will++}
   995 | D        | Entered arena 6.
   995 | D        | Noticed a cyan ugly thing
   995 | D        | Found a transporter.
  1000 | D        | Killed a cyan ugly thing
  1001 | D        | Reached skill level 12 in Axes
  1009 | D        | Noticed a smoke demon
  1010 | D        | Reached skill level 13 in Axes
  1010 | D        | Reached XP level 9. HP: 88/93 MP: 12/12
  1169 | D        | Got the ring of Fufiorph {*Corrode rElec rPois rC+ rN+}
  1177 | D        | Entered arena 7.
  1178 | D        | Found a transporter.
  1182 | D        | Reached ****** piety under Lugonu
  1183 | D        | Reached skill level 10 in Shields
  1215 | D        | Entered arena 8.
  1215 | D        | Found the +5 glaive of the Guard {elec, spectral, AC+5}
  1215 | D        | Noticed a wolf spider
  1215 | D        | Noticed a wolf spider
  1216 | D        | Found a transporter.
  1219 | D        | Killed a wolf spider
  1220 | D        | Reached skill level 14 in Axes
  1220 | D        | Killed a wolf spider
  1221 | D        | Reached skill level 15 in Axes
  1270 | D        | Entered arena 9.
  1270 | D        | Noticed an ironbound convoker
  1270 | D        | Noticed an ironbound preserver
  1270 | D        | Noticed a vault guard
  1270 | D        | Noticed a vault sentinel
  1270 | D        | Noticed a yaktaur captain
  1270 | D        | Noticed a vault guard
  1271 | D        | Found a transporter.
  1278 | D        | Killed an ironbound preserver
  1279 | D        | Reached skill level 16 in Axes
  1279 | D        | Reached skill level 10 in Armour
  1279 | D        | Reached XP level 10. HP: 76/103 MP: 9/13
  1281 | D        | Killed a vault guard
  1282 | D        | Reached skill level 17 in Axes
  1282 | D        | Killed a vault guard
  1283 | D        | Killed a vault sentinel
  1284 | D        | Killed an ironbound convoker
  1285 | D        | Reached skill level 15 in Fighting
  1285 | D        | Reached skill level 18 in Axes
  1286 | D        | Killed a yaktaur captain
  1723 | D        | Entered arena 10.
  1724 | D        | Found a transporter.
  1729 | D        | Reached skill level 19 in Axes
  1740 | D        | Got the +1 robe "Qud Unn" {Str+3 Dex+4}
  1742 | D        | Got the +5 ring mail of Uskayaw's Condemnation {SInv}
  1751 | D        | Got the +9 falchion "Ecicyhil" {venom, *Rage rElec rN+++
                  | Stlth+}
  1760 | D        | Got Vysewnoh's Incunabulum of Feathers and the Mountains
  1764 | D        | Entered arena 11.
  1765 | D        | Found a transporter.
  1769 | D        | Reached XP level 11. HP: 96/113 MP: 11/14
  1772 | D        | Reached skill level 1 in Stealth
  2475 | D        | Got the ring "Womul" {Wiz Will+}
  2491 | D        | Entered arena 12.
  2491 | D        | Noticed a shining eye
  2492 | D        | Noticed a shining eye
  2493 | D        | Found a transporter.
  2496 | D        | Gained mutation: You occasionally lose the ability to read
                  | scrolls when taking damage. [a shining eye]
  2498 | D        | Gained mutation: You have hidden genetic defects. [a
                  | shining eye]
  2499 | D        | Gained mutation: You are clumsy. (Dex -2) [a shining eye]
  2501 | D        | Killed a shining eye
  2501 | D        | Killed a shining eye
  2502 | D        | Reached skill level 20 in Axes
  2502 | D        | Reached skill level 15 in Shields
  2601 | D        | Entered arena 13.
  2601 | D        | Noticed a four-headed hydra
  2602 | D        | Noticed an eight-headed hydra
  2603 | D        | Found a transporter.
  2608 | D        | Killed a seven-headed hydra
  2611 | D        | HP: 5/117 [13-headed hydra (4)]
  2612 | D        | Killed a 13-headed hydra
  2624 | D        | Gained mutation: Armour fits poorly on your strangely
                  | shaped body. [hidden defects]
  2629 | D        | Got the ring "Wuxuo" {Will+ Int+4}
  2634 | D        | Got the +10 dagger "Icyrid" {holy, Fragile rF++ Str+2
                  | Int+3}
  2655 | D        | Entered arena 14.
  2656 | D        | Noticed a soul eater
  2656 | D        | Noticed a profane servitor
  2656 | D        | Noticed a blizzard demon
  2656 | D        | Noticed Vaatrel the pandemonium lord
  2656 | D        | Noticed a Tzitzimitl
  2658 | D        | Identified the +9 scythe of Risk Management {antimagic,
                  | Drain rPois rCorr Int-3}
  2660 | D        | Noticed a lorocyproca
  2660 | D        | Noticed a demonspawn black sun
  2660 | D        | Found the +7 lajatang of Order {silver, rMut}
  2660 | D        | Found the +7 captain's cutlass {speed, disarm}
  2669 | D        | HP: 5/117 [demonspawn black sun/+1 demon trident of venom
                  | (5)]
  2669 | D        | Mangled by a red devil

Illustrated notes

Levels and vault maps discovered:
D:        sprint_v [room_start, room_1, room_2, room_3, room_4, room_5, room_6,
          room_7, room_8, room_9, room_10, room_11, room_12, room_13, room_14,
          room_15, room_16, room_17, room_18, room_19, room_20, room_21,
          room_22, room_23, room_24, room_25, room_26, room_27]

Skill      XL: |  1  2  3  4  5  6  7  8  9 10 11 |
---------------+----------------------------------+-----
Fighting       | 8 10 11 12 13 14 15 17 | 17.5
Long Blades    | 4 5 6 7 |  7.1
Axes           | 2 5 7 8 11 13 16 19 20 | 20.9
Armour         | 4 5 6 7 8 9 10 11 13 | 13.4
Invocations    | 3 4 5 |  5.3
Shields        | 2 4 7 9 12 14 16 | 16.2
Dodging        | 2 |  2.7
Stealth        | 3 |  3.9

Action                   |  1- 3 |  4- 6 |  7- 9 | 10-12 || total
-------------------------+-------+-------+-------+-------++-------
Melee: Broad axe         |     3 |    12 |    30 |    39 ||    84
       Headbutt          |     2 |       |     5 |     3 ||    10
  Use: Potion            |       |       |       |     4 ||     4
 Stab: Confused          |       |       |       |     3 ||     3
Armor: Plate armour      |     6 |    12 |    20 |    52 ||    90
Dodge: Dodged            |       |     1 |     2 |     4 ||     7
Block: Kite shield       |     4 |    24 |    65 |    99 ||   192

Table legend: (Time is in decaauts)
 A = Elapsed time spent in this place.
 B = Non-inter-level travel time spent in this place.
 C = Inter-level travel time spent in this place.
 D = Time resting spent in this place.
 E = Time spent auto-exploring this place.
 F = Levels seen in this place.
 G = Mean time per level.
                   A        B        C        D        E       F      G
               +--------+--------+--------+--------+--------+-----+--------+
         Total |   2671 |   2648 |     23 |   2002 |      0 |   1 | 2671.0 |
       Dungeon |   2671 |   2648 |     23 |   2002 |      0 |   1 | 2671.0 |
               +--------+--------+--------+--------+--------+-----+--------+

Top non-repeatable levels by time:
       D: 2671 daAuts
